Map: Chain of Ascension

Players

Yuriprime

  • Race: Zerg Zerg
  • Spawn Location: 11:00

ViS

  • Race: Zerg Zerg

VOD

Have the link to the VOD?

Description

Time

  • Played on: March 4, 2018, 12:13 a.m.
  • Length: 10:54
Show
View Real Time Build Order
Export as new Build Order

Yuriprime Zerg 

Build Orders:  

Get SALT Encoding   

  12  0:04  Drone  
  13  0:18  Overlord  
  13  0:25  Drone  
  14  0:43  Drone x3  
  17  1:03  Drone, Roach Warren  
  17  1:09  Drone  
  18  1:18  Overlord  
  18  1:27  Roach  
  20  1:41  Roach  
  20  1:46  Roach  
  24  1:51  Extractor  
  24  1:54  Drone  
  24  1:55  Extractor  
  24  1:59  Drone  
  24  2:04  Drone  
  25  2:19  Drone  
  26  2:20  Drone x2  
  26  2:26  Roach  
  28  2:48  Brutalisk  
  28  3:02  Lair  
  28  3:03  Overlord, Roach  
  28  3:04  Drone  
  28  3:05  Drone  
  28  3:13  Roach  
  30  3:25  Brutalisk  
  30  3:32  Roach  
  32  3:41  Overlord  
  32  3:51  Spire  
  30  4:10  Drone x4  
  34  4:43  Roach  
  34  4:53  Mutalisk  
  34  4:54  Mutalisk  
  38  5:05  Brutalisk  
  38  5:31  Mutalisk x2  
  42  5:54  Mutalisk  
  42  5:59  Overlord x3  
  44  6:01  Mutalisk  
  44  6:13  Queen  
  44  6:29  Leviathan  
  44  6:36  Mutalisk  
  44  6:37  Evolution Chamber  
  45  6:43  Mutalisk, Queen  
  45  7:04  Leviathan  
  47  7:11  Leviathan  
  45  7:37  Queen  
  47  8:02  Bio-Mechanical Transfusion  
  47  8:07  Queen  
  49  8:35  Incubation Chamber  
  49  8:37  Queen  
  49  8:49  Queen  
  51  9:07  Queen  
  53  9:18  Roach  
  53  9:19  Queen  
  57  9:40  Brutalisk  
Show
View Real Time Build Order
Export as new Build Order

ViS Zerg 

Build Orders:  

Get SALT Encoding   

  18  0:03  Primal Drone  
  19  0:11  Primal Drone  
  19  0:18  Primal Drone  
  21  0:27  Extractor  
  21  0:51  Primal Warden  
  21  0:54  Primal Drone  
  23  1:01  Primal Drone  
  23  1:09  Primal Drone  
  25  1:14  Primal Drone  
  26  1:35  Primal Drone  
  27  1:44  Extractor  
  27  2:00  Primal Drone x2  
  29  2:23  Glevig's Den  
  29  2:28  Primal Drone x2  
  30  2:55  Primal Drone  
  32  3:16  Primal Drone  
  32  3:17  Primal Drone  
  32  3:19  Primal Warden  
  33  3:33  Primal Drone  
  34  3:57  Murvar's Den  
  33  4:07  Primal Drone x2  
  35  4:24  Primal Drone  
  36  4:33  Primal Drone  
  37  4:52  Primal Drone  
  38  5:13  Primal Drone  
  38  5:19  Primal Hydralisk  
  41  5:20  Primal Hydralisk x3  
  47  5:38  Primal Drone x2  
  49  5:57  Primal Swarm Host x2  
  49  5:58  Primal Swarm Host  
  53  6:02  Dakrun's Den  
  52  6:16  Primal Swarm Host  
  55  7:07  Primal Swarm Host x3  
  64  7:24  Primal Swarm Host  
  67  7:31  Primal Zergling x6  
  73  8:11  Primal Swarm Host x2  
  79  8:59  Primal Swarm Host x2  
  85  9:00  Primal Swarm Host  
  88  9:12  Primal Drone x4  
  92  10:07  Primal Swarm Host x3  
Tags
 
Add a new tag
Caveats
  • Supply blocks, unpowered buildings, or Contaminate may cause inaccurate times.
  • Supply counts are checked every 10 seconds.